 Dungeon Crawl Stone Soup version 0.24.0-13-gcf9b319 (webtiles) character file.

Game seed: 1011905849252116904, levelgen mode: deterministic

96 Benana2222 the Sneak (level 4, -6/29 HPs)
             Began as a Halfling Assassin on Nov 25, 2019.
             Killed from afar by an ooze (35 damage)
             ... with an exploding inner flame
             ... hexed by the player character
             ... on level 2 of the Dungeon.
             The game lasted 00:06:14 (915 turns).

Benana2222 the Sneak (Halfling Assassin)             Turns: 915, Time: 00:06:14

Health: -6/29      AC:  5    Str: 17    XL:     4   Next: 98%
Magic:  4/4        EV: 14    Int:  9    God:
Gold:   50         SH:  0    Dex: 16    Spells: 3/3 levels left

rFire    . . .     SeeInvis .   a - +3 dagger
rCold    . . .     Gourm    .   (shield restricted)
rNeg     . . .     Faith    .   i - +0 leather armour {rPois}
rPois    +         Spirit   .   m - +0 helmet
rElec    .         Reflect  .   c - +0 cloak
rCorr    .         Harm     .   (no gloves)
MR       .....                  (no boots)
Stlth    +++.......             (no amulet)
HPRegen  0.09/turn              g - ring of flight
MPRegen  0.09/turn              (no ring)

@: mighty
A: small, mutation resistance 1
a: Evoke Flight


You were on level 2 of the Dungeon.
You were not hungry.

You visited 1 branch of the dungeon, and saw 2 of its levels.

You collected 50 gold pieces.

Inventory:

Hand Weapons
 a - a +3 dagger (weapon)
Missiles
 d - 8 poisoned darts (quivered)
 e - 2 curare-tipped darts
 l - 57 stones
Armour
 b - a +0 robe
 c - a +0 cloak (worn)
 i - a +0 leather armour of poison resistance (worn)
 m - a +0 helmet (worn)
Jewellery
 g - a ring of flight (left hand)
Scrolls
 n - a scroll of enchant weapon
Potions
 h - a potion of ambrosia
Comestibles
 f - 4 rations
 j - 13 chunks of flesh


   Skills:
 + Level 2.2 Fighting
 * Level 3.3 Short Blades
 * Level 2.7 Throwing
 - Level 0.1 Armour
 + Level 1.8 Dodging
 * Level 5.2 Stealth


You had 3 spell levels left.
You didn't know any spells.
Your spell library was empty.

Dungeon Overview and Level Annotations

Branches:
Dungeon (2/15)

Altars:
Nemelex Xobeh


Innate Abilities, Weirdness & Mutations

You are small and have problems with some larger weapons.
You are somewhat resistant to further mutation.


Message History

The fiery explosion engulfs Natasha!!
Natasha explodes!
The fiery explosion engulfs the giant cockroach!!
The giant cockroach explodes!
The fiery explosion engulfs Robin!!
Robin explodes!
The fiery explosion engulfs the shadow imp!!
You kill the shadow imp!
The fiery explosion engulfs the crimson imp.
The crimson imp completely resists.
The crimson imp is moderately wounded.
The fiery explosion engulfs the jackal!!!
The jackal explodes!
The fiery explosion engulfs the jackal!!
You kill the jackal!
Natasha screams in pain as she dies!
The crimson imp disappears in a puff of smoke!
The fiery explosion engulfs you!!
Ouch! That really hurt!
You die... .gw

#...#.. .r.##+###
#.#.### ....%..#
###.#.### ......###
####...#.##. #§§§..#
#....###....
####§§§.###.#### ###.÷
#.).§§§..÷....#####...
#.###§#####...........
#@# #.⌠.⌠.#...... #§#
#.._.....÷... #.#
#.⌠.⌠#.#..... #.#
#..#.#..##.... #.#
#.#....##..... #.##..
.#####..... #.#..##.
#..... #.#.# #. ##....
#... .. #....


There were no monsters in sight!

Vanquished Creatures
  Natasha (D:2)
  Robin (D:2)
  An adder (D:2)
  A dart slug (D:2)
  3 giant cockroaches
  12 goblins
  6 hobgoblins
  3 jackals (D:2)
  2 bats
  5 frilled lizards
  6 kobolds
  6 rats
47 creatures vanquished.

Notes
Turn   | Place    | Note
-------+----------+-------------------------------------------
     0 | D:1      | Benana2222 the Halfling Assassin began the quest for the
                  | Orb.
     0 | D:1      | Reached XP level 1. HP: 14/14 MP: 1/1
   264 | D:1      | Reached XP level 2. HP: 19/19 MP: 2/2
   580 | D:1      | Reached XP level 3. HP: 24/24 MP: 3/3
   755 | D:2      | Found a sparkling altar of Nemelex Xobeh.
   758 | D:2      | Reached skill level 5 in Stealth
   847 | D:2      | Noticed Robin
   881 | D:2      | Noticed Natasha
   893 | D:2      | Reached XP level 4. HP: 28/29 MP: 4/4
   915 | D:2      | Killed Natasha
   915 | D:2      | Killed Robin
   915 | D:2      | Killed from afar by an ooze

Levels and vault maps discovered:
D:1:      minmay_arrival_jagged, layout_basic
D:2:      layout_rooms, nemelex_xobeh_ov_fountains_minmay,
          lightli_corner_chamber, uniq_natasha, uniq_robin,
          uniq_crazy_yiuf_cottage

Skill      XL: |  1  2  3 |
---------------+----------+-----
Fighting       | 2 |  2.2
Stealth        | 5 |  5.2
Short Blades   | 3 |  3.3
Throwing       | |  2.7
Armour         | |  0.1
Dodging        | |  1.8

Action                   |  1- 3 |  4- 6 || total
-------------------------+-------+-------++-------
Melee: Dagger            |   103 |    18 ||   121
  Use: Scroll            |     1 |     2 ||     3
       Potion            |       |     2 ||     2
 Stab: Sleeping          |     4 |       ||     4
Armor: Leather armour    |    15 |     2 ||    17
       Robe              |     1 |       ||     1
Dodge: Dodged            |    54 |    14 ||    68
